 Dungeon Crawl Stone Soup version 0.30.0-15-g856e2d3f33 (webtiles) character file.

Game seed: 1102775606660923166

6566 qw the Cleaver (level 11, -7/68 HPs)
             Began as a Gargoyle Fighter on May 21, 2023.
             Was a Follower of Okawaru.
             Mangled by Snorg (14 damage)
             ... on level 10 of the Dungeon.
             The game lasted 00:04:44 (9535 turns).

qw the Cleaver (Gargoyle Fighter)                   Turns: 9535, Time: 00:04:45

Health: -7/68      AC: 30    Str: 24    XL:     11   Next: 1%
Magic:  13/14      EV: 14    Int:  9    God:    Okawaru [*.....]
Gold:   88         SH:  6    Dex:  9    Spells: 10/10 levels left

rFire   + . .        Y - +2 war axe (vamp)
rCold   . . .        c - +0 buckler
rNeg    + . .        s - +0 plate armour
rPois   inf          g - +0 helmet
rElec   +            (no cloak)
rCorr   .            p - +2 pair of gloves
SInv    .            f - +0 pair of boots
Will    .....        l - amulet of regeneration Stlth
                     q - ring of protection from fire
HPRegen 1.11/turn    t - +5 ring of evasion
MPRegen 0.14/turn

%: no passive effects
@: about to teleport, heroic
A: sickness immunity, AC +8, negative energy resistance 1, electricity
resistance, torment resistance 1, petrification resistance
a: Renounce Religion, Heroism


You were on level 10 of the Dungeon.
You worshipped Okawaru.
Okawaru was aware of your devotion.
You visited 2 branches of the dungeon, and saw 11 of its levels.
You also visited: Ossuary.

You collected 648 gold pieces.
You spent 560 gold pieces at shops.


Innate Abilities, Weirdness & Mutations

You are immune to sickness and miasma.
Your stone body is resilient. (AC +8)
You are immune to poison.
You resist negative energy. (rN+)
You are resistant to electric shocks. (rElec)
You are resistant to unholy torment.
You are immune to petrification.


   Skills:
 + Level 8.1(13.1) Fighting
 - Level 11.0(16.0) Axes
 - Level 2.0(7.0) Throwing
 - Level 8.0(13.0) Armour
 - Level 1.2(6.2) Dodging
 - Level 5.2(10.2) Shields
 - Level 4.1 Invocations


You had 10 spell levels left.
You didn't know any spells.
Your spell library was empty.

Inventory:

Hand Weapons
 r - a +0 broad axe
 y - a +0 morningstar
 Y - a +2 vampiric war axe (weapon)
Armour
 c - a +0 buckler (worn)
 f - a +0 pair of boots (worn)
 g - a +0 helmet (worn)
 p - a +2 pair of gloves (worn)
 s - a +0 plate armour (worn)
Jewellery
 l - an amulet of regeneration (around neck)
 q - a ring of protection from fire (left hand)
 t - a +5 ring of evasion (right hand)
Wands
 i - a wand of digging (3)
Scrolls
 a - a scroll of identify
 m - 2 scrolls of teleportation
Potions
 b - 3 potions of lignification
 d - 4 potions of might
 e - 5 potions of curing
 h - a potion of resistance
 j - 2 potions of heal wounds
 k - 4 potions of attraction
 n - a potion of cancellation
 o - a potion of haste
 v - 2 potions of mutation

Dungeon Overview and Level Annotations

Branches:
Dungeon (10/15)            Temple (1/1) D:5         Ossuary (visited)
   Lair: D:8-11         Orc: D:9-12

Altars:
Ashenzari
Cheibriados
Dithmenos
Elyvilon
Fedhas
Gozag
Hepliaklqana
Kikubaaqudgha
Makhleb
Nemelex Xobeh
Okawaru
Qazlal
Ru
Sif Muna
Trog
Uskayaw
Vehumet
Wu Jian
Xom
Yredelemnul
Zin
The Shining One

Shops:
D:2 (   D:4 =   D:6 ![=   D:9 *

Annotations:
D:5 5 runed translucent doors
D:6 1 runed translucent door, Crazy Yiuf
D:10 Snorg


Message History

You hit Snorg. Snorg closely misses you. You block Snorg's attack.
Snorg claws you!
The wyvern bites you but does no damage.
Snorg bites you but does no damage. Snorg claws you but does no damage.
Snorg misses you.
You hit the wyvern but do no damage.
The wyvern is moderately wounded.
You slash Snorg!
You feel better. The wyvern closely misses you.
Snorg barely misses you. x2; Snorg claws you!
You barely miss Snorg.
Snorg is moderately wounded.
You hit the wyvern but do no damage.
The wyvern bites you but does no damage.
Snorg bites you! Snorg closely misses you. Snorg claws you but does no damage.
You slash Snorg!
Snorg is moderately wounded.
You hit the wyvern.
You feel better. The wyvern misses you. Snorg bites you but does no damage.
Snorg claws you. Snorg barely misses you.
You hit the wyvern.
You feel better.
The wyvern is heavily wounded.
You hit Snorg.
The wyvern bites you but does no damage.
Snorg bites you but does no damage. You block Snorg's attack. Snorg claws you!
You hit the wyvern.
The wyvern is heavily wounded.
You slash Snorg! The wyvern closely misses you. Snorg misses you.
Snorg claws you but does no damage. x2
You slash the wyvern!
The wyvern is severely wounded.
You slash Snorg! The wyvern completely misses you.
Snorg bites you but does no damage. Snorg claws you. x2
9535 ||| READING 3 scrolls of teleportation.
As you read the scroll of teleportation, it crumbles to dust.
You feel strangely unstable.
The wyvern bites you but does no damage.
Snorg bites you! Snorg claws you!
You die...

...#
########.>.#
#..........#
#..........#
#..........#
#..........#
#......lT..#
#......@...#
#.....<....#
#..........#
#..........#
#..........#
#..........#
############


You could see Snorg (berserk) and a wyvern.

Vanquished Creatures
  Pikel (D:4)
  A troll (D:9)
  Prince Ribbit (D:6)
  Sigmund (D:4)
  Eustachio (D:4)
  6 yaks (D:9)
  3 steam dragons
  Menkaure (D:4)
  A sky beast (D:7)
  A black bear (D:4)
  9 orc warriors
  2 centaurs (D:9)
  A lemure (D:4)
  2 kobold brigands (D:8)
  A phantom (D:6)
  Blork the orc (D:4)
  4 bullfrogs
  2 gnoll sergeants
  A jelly (D:6)
  10 scorpions
  4 killer bees (D:8)
  3 electric eels (D:9)
  A howler monkey (D:6)
  3 centaur zombies (Ossuary)
  7 orc priests
  A hound (D:5)
  2 gnoll boudas
  A human zombie (Ossuary)
  2 iguanas (D:4)
  Jessica (D:2)
  A sleepcap (D:5)
  7 orc wizards
  2 mummies (Ossuary)
  Robin (D:3)
  22 gnolls
  6 adders
  2 river rats (D:6)
  A shadow imp (D:6)
  2 white imps (D:6)
  2 ufetubi
  3 adder zombies (Ossuary)
  A worm (D:9)
  A dart slug (D:3)
  39 orcs
  6 ball pythons
  8 bats
  5 endoplasms
  3 giant cockroaches
  16 goblins
  12 hobgoblins
  4 quokkas
  5 frilled lizards
  2 goblin zombies
  11 hobgoblin zombies (Ossuary)
  A jackal zombie (Ossuary)
  19 kobolds
  7 kobold zombies (Ossuary)
  9 orc zombies (Ossuary)
  A quokka zombie (D:7)
  6 rats
  A rat zombie (Ossuary)
281 creatures vanquished.

Notes
Turn   | Place    | Note
-------+----------+-------------------------------------------
     0 | D:1      | qw the Gargoyle Fighter began the quest for the Orb.
     0 | D:1      | Reached XP level 1. HP: 14/14 MP: 1/1
     0 | D:1      | 0 ||| qw: Version: 0.2-a-98-g16b38d9
     0 | D:1      | 0 ||| qw: Game counter: 19
     0 | D:1      | 0 ||| qw: Always use a shield: true
     0 | D:1      | 0 ||| qw: God list: Okawaru
     0 | D:1      | 0 ||| qw: Allow faded altars: false
     0 | D:1      | 0 ||| qw: Do Orc after D:15 true
     0 | D:1      | 0 ||| qw: Do second Lair branch before Depths: true
     0 | D:1      | 0 ||| qw: Lair rune preference: random
     0 | D:1      | 0 ||| qw: Plans: Normal, Zot:1-4, God:TSO, Crypt, Tomb,
                  | Pan, Slime:5, Hells, Abyss, Win
     0 | D:1      | 0 ||| PLANNING D:1-11
    41 | D:1      | Reached skill level 2 in Axes
    66 | D:1      | 66 ||| Stepping ~*~*~tactically~*~*~ (stealth).
    70 | D:1      | 70 ||| Stepping ~*~*~tactically~*~*~ (stealth).
   158 | D:1      | Reached XP level 2. HP: 18/19 MP: 2/2
   589 | D:1      | Reached skill level 3 in Axes
   594 | D:1      | Reached XP level 3. HP: 23/23 MP: 3/3
   609 | D:1      | 609 ||| Stepping ~*~*~tactically~*~*~ (stealth).
   615 | D:1      | 615 ||| DROPPING +0 club.
   616 | D:1      | 616 ||| Stepping ~*~*~tactically~*~*~ (stealth).
   858 | D:1      | 858 ||| UPGRADING to +0 pair of boots.
   863 | D:1      | 863 ||| DROPPING amulet of faith.
   864 | D:1      | 864 ||| READING 2 scrolls labelled PEGUIDGHALIEL.
   865 | D:1      | 865 ||| READING scroll labelled MOGHEK NIGRAJY.
   866 | D:1      | 866 ||| READING scroll labelled NAITOU PUENKO.
   867 | D:1      | 867 ||| READING scroll labelled POPANOU DUTAG.
   868 | D:1      | 868 ||| READING scroll labelled GYXYON KIWN.
   869 | D:1      | 869 ||| DROPPING scroll of noise.
  1066 | D:2      | Noticed Jessica
  1211 | D:2      | Killed Jessica
  1212 | D:2      | Reached skill level 4 in Axes
  1212 | D:2      | Reached XP level 4. HP: 28/28 MP: 4/4
  1442 | D:2      | Found Xemunwuz's Weapon Emporium.
  1716 | D:2      | 1716 ||| READING 3 scrolls labelled FOYSITRAHEGA.
  1717 | D:2      | 1717 ||| READING scroll labelled SEAMEH WUOXER.
  1718 | D:2      | 1718 ||| READING scroll labelled BIJ EJE KAMAMP.
  1719 | D:2      | 1719 ||| READING scroll labelled TEORAPH IREM.
  1720 | D:2      | 1720 ||| DRINKING 2 lumpy red potions.
  1721 | D:2      | 1721 ||| READING 2 scrolls of identify.
  1721 | D:2      | 1721 ||| IDENTIFYING green potion
  1722 | D:2      | 1722 ||| DROPPING potion of berserk rage.
  1810 | D:3      | 1810 ||| Stepping ~*~*~tactically~*~*~ (stealth).
  1813 | D:3      | 1813 ||| Stepping ~*~*~tactically~*~*~ (hiding).
  1815 | D:3      | 1815 ||| Stepping ~*~*~tactically~*~*~ (hiding).
  1819 | D:3      | 1819 ||| Stepping ~*~*~tactically~*~*~ (hiding).
  1824 | D:3      | Noticed Robin
  1845 | D:3      | HP: 7/28 [goblin/+0 club[Robin] (4)]
  1851 | D:3      | Killed Robin
  2008 | D:3      | Found a basalt altar of Yredelemnul.
  2035 | D:3      | Reached XP level 5. HP: 21/32 MP: 5/5
  2098 | D:3      | Found a hide-covered altar of Uskayaw.
  2257 | D:3      | Reached skill level 5 in Axes
  2428 | D:3      | 2428 ||| Stepping ~*~*~tactically~*~*~ (stealth).
  2429 | D:3      | 2429 ||| Stepping ~*~*~tactically~*~*~ (stealth).
  2438 | D:3      | HP: 7/32 [orc priest/nerve-wracking pain (4)]
  2442 | D:3      | Reached skill level 1 in Throwing
  2549 | D:3      | 2549 ||| DROPPING +0 whip.
  2669 | D:3      | Found a shimmering blue altar of Sif Muna.
  2745 | D:3      | 2745 ||| UPGRADING to +0 helmet.
  2750 | D:3      | 2750 ||| UPGRADING to +0 plate armour.
  2760 | D:3      | 2760 ||| DROPPING +0 scale mail.
  2761 | D:3      | 2761 ||| UPGRADING to amulet of regeneration.
  2766 | D:3      | 2766 ||| DROPPING amulet of the acrobat.
  2767 | D:3      | 2767 ||| READING 2 scrolls labelled SYD XOTEUTUU.
  2772 | D:3      | 2772 ||| READING scroll labelled MUITOY KUIMO.
  2773 | D:3      | 2773 ||| READING scroll labelled OTIEWE YSHESO.
  2874 | D:3      | 2874 ||| DRINKING 2 inky potions.
  2875 | D:3      | 2875 ||| DRINKING 2 bubbling red potions.
  2876 | D:3      | 2876 ||| READING 2 scrolls of identify.
  2876 | D:3      | 2876 ||| IDENTIFYING metallic purple potion
  2913 | D:4      | Found a white marble altar of Elyvilon.
  2924 | D:4      | Reached XP level 6. HP: 38/38 MP: 6/6
  2968 | D:4      | 2968 ||| Stepping ~*~*~tactically~*~*~ (stealth).
  3150 | D:4      | Noticed a black bear
  3151 | D:4      | 3151 ||| Stepping ~*~*~tactically~*~*~ (stealth).
  3156 | D:4      | Killed a black bear
  3301 | D:4      | Noticed Pikel
  3318 | D:4      | Killed Pikel
  3319 | D:4      | Reached skill level 7 in Axes
  3319 | D:4      | Reached XP level 7. HP: 42/43 MP: 7/7
  3529 | D:4      | 3529 ||| READING 2 scrolls of identify.
  3529 | D:4      | 3529 ||| IDENTIFYING blue potion
  3634 | D:4      | Noticed Eustachio
  3664 | D:4      | Killed Eustachio
  3665 | D:4      | Reached XP level 8. HP: 48/48 MP: 8/8
  3736 | D:4      | Found a shadowy altar of Dithmenos.
  3746 | D:4      | Found Meirohak's Jewellery Boutique.
  3754 | D:4      | 3754 ||| SHOPLISTING +6 ring of strength (432 gold, have
                  | 228).
  3754 | D:4      | 3754 ||| SHOPLISTING amulet of reflection (360 gold, have
                  | 228).
  3754 | D:4      | 3754 ||| SHOPLISTING ring "Xavauzoe" {Fire Int+3 SInv
                  | Stlth+} (543 gold, have 228).
  3754 | D:4      | 3754 ||| SHOPLISTING ring of willpower (300 gold, have
                  | 228).
  3771 | D:4      | Noticed Sigmund
  3774 | D:4      | Killed Sigmund
  3904 | D:4      | Noticed Blork the orc
  3909 | D:4      | Killed Blork the orc
  3910 | D:4      | Reached skill level 1 in Dodging
  3950 | D:4      | Found an opulent altar of Gozag.
  3970 | D:4      | Noticed Menkaure
  3976 | D:4      | Killed Menkaure
  4155 | D:4      | 4155 ||| UPGRADING to +1 pair of gloves.
  4221 | D:5      | Entered Level 5 of the Dungeon
  4276 | D:5      | Found a staircase to the Ecumenical Temple.
  4277 | D:5      | 4277 ||| PLANNING TEMPLE
  4277 | D:5      | 4277 ||| READING scroll labelled SYDEQIERUYST.
  4286 | Temple   | Entered the Ecumenical Temple
  4323 | Temple   | 4323 ||| PLANNING D:1-11
  4387 | D:5      | Reached skill level 8 in Axes
  4425 | D:5      | 4425 ||| Stepping ~*~*~tactically~*~*~ (stealth).
  4433 | D:5      | Reached skill level 6 in Fighting
  4437 | D:5      | Reached XP level 9. HP: 55/55 MP: 9/9
  4450 | D:5      | 4450 ||| DROPPING +0 flail.
  4513 | D:5      | 4513 ||| Stepping ~*~*~tactically~*~*~ (hiding).
  4529 | D:5      | 4529 ||| Stepping ~*~*~tactically~*~*~ (stealth).
  4531 | D:5      | 4531 ||| Stepping ~*~*~tactically~*~*~ (hiding).
  4532 | D:5      | 4532 ||| Stepping ~*~*~tactically~*~*~ (hiding).
  4594 | D:5      | 4594 ||| Stepping ~*~*~tactically~*~*~ (hiding).
  4633 | D:5      | Found a runed translucent door.
  4637 | D:5      | Found a runed translucent gate.
  4637 | D:5      | Found a runed translucent gate.
  4646 | D:5      | Found a runed translucent gate.
  4656 | D:5      | Found a runed translucent door.
  4664 | D:5      | Found the +9 staff of Olgreb {rPois∞}
  4740 | D:5      | Found an ornate altar of the Wu Jian Council.
  4855 | D:5      | Found a glowing silver altar of Zin.
  4992 | D:6      | 4992 ||| PLANNING SEWER
  4999 | D:6      | 4999 ||| Stepping ~*~*~tactically~*~*~ (hiding).
  5107 | D:6      | Found Gaheig's Jewellery Shoppe.
  5118 | D:6      | 5118 ||| SHOPLISTING +4 ring of protection (468 gold, have
                  | 351).
  5118 | D:6      | 5118 ||| SHOPLISTING +5 ring of evasion (468 gold, have
                  | 351).
  5118 | D:6      | 5118 ||| SHOPLISTING +6 ring of dexterity (468 gold, have
                  | 351).
  5118 | D:6      | 5118 ||| SHOPLISTING amulet of reflection (390 gold, have
                  | 351).
  5118 | D:6      | 5118 ||| SHOPLISTING ring "Oxaosteuch" {rCorr Int+2 Slay+2}
                  | (514 gold, have 351).
  5118 | D:6      | 5118 ||| SHOPLISTING ring of Imo Ryl {Wiz rF+ rC+ Dex+3}
                  | (744 gold, have 351).
  5118 | D:6      | 5118 ||| BUYING ring of protection from fire (325 gold).
  5118 | D:6      | Bought a ring of protection from fire for 325 gold pieces
  5118 | D:6      | 5118 ||| SHOPLISTING ring of resist corrosion (260 gold,
                  | have 26).
  5118 | D:6      | 5118 ||| SHOPLISTING ring of see invisible (195 gold, have
                  | 26).
  5120 | D:6      | Identified the +1 robe of Jest {Rampage rF+ Dex-3}
  5165 | D:6      | Reached skill level 9 in Axes
  5173 | D:6      | 5173 ||| Stepping ~*~*~tactically~*~*~ (stealth).
  5183 | D:6      | 5183 ||| Stepping ~*~*~tactically~*~*~ (stealth).
  5185 | D:6      | 5185 ||| Stepping ~*~*~tactically~*~*~ (stealth).
  5208 | D:6      | Reached skill level 6 in Armour
  5251 | D:6      | Noticed Prince Ribbit
  5287 | D:6      | Killed Prince Ribbit
  5295 | D:6      | 5295 ||| Stepping ~*~*~tactically~*~*~ (stealth).
  5305 | D:6      | Found Verah's Antique Armour Boutique.
  5320 | D:6      | 5320 ||| SHOPLISTING embroidered scarf (248 gold, have 37).
  5379 | D:6      | 5379 ||| Stepping ~*~*~tactically~*~*~ (hiding).
  5612 | D:6      | 5612 ||| RIP SEWER
  5619 | D:6      | Found a runed translucent door.
  5620 | D:6      | 5620 ||| PLANNING D:1-11
  5620 | D:6      | Noticed Crazy Yiuf
  5638 | D:6      | 5638 ||| Stepping ~*~*~tactically~*~*~ (stealth).
  5825 | D:6      | Found Ujecs's Distillery.
  5830 | D:6      | 5830 ||| BUYING potion of curing (42 gold).
  5830 | D:6      | Bought a potion of curing for 42 gold pieces
  5830 | D:6      | 5830 ||| SHOPLISTING potion of curing (42 gold, have 13).
  5830 | D:6      | 5830 ||| SHOPLISTING potion of haste (140 gold, have 13).
  5830 | D:6      | 5830 ||| SHOPLISTING potion of heal wounds (70 gold, have
                  | 13).
  5830 | D:6      | 5830 ||| SHOPLISTING potion of mutation (112 gold, have
                  | 13).
  5830 | D:6      | 5830 ||| SHOPLISTING potion of resistance (140 gold, have
                  | 13).
  5941 | D:6      | Found a burning altar of Makhleb.
  5941 | D:6      | Noticed an Executioner
  6048 | D:6      | 6048 ||| Stepping ~*~*~tactically~*~*~ (stealth).
  6073 | D:6      | 6073 ||| Stepping ~*~*~tactically~*~*~ (water).
  6404 | D:6      | 6404 ||| UPGRADING to ring of protection from fire.
  6429 | D:7      | 6429 ||| PLANNING OSSUARY
  6438 | D:7      | Found a glowing golden altar of the Shining One.
  6705 | D:7      | Found a sand-covered staircase.
  6706 | D:7      | 6706 ||| UPGRADING to +5 ring of evasion.
  6707 | D:7      | 6707 ||| READING scroll labelled KAALAGOSIEM.
  6721 | Ossuary  | Entered an ossuary
  6729 | Ossuary  | 6729 ||| Stepping ~*~*~tactically~*~*~ (stealth).
  6783 | Ossuary  | 6783 ||| Stepping ~*~*~tactically~*~*~ (stealth).
  6803 | Ossuary  | 6803 ||| READING scroll of enchant armour.
  6803 | Ossuary  | 6803 ||| ENCHANTING +1 pair of gloves.
  6936 | Ossuary  | 6936 ||| Stepping ~*~*~tactically~*~*~ (stealth).
  6938 | Ossuary  | 6938 ||| Stepping ~*~*~tactically~*~*~ (stealth).
  6963 | Ossuary  | 6963 ||| READING 2 scrolls labelled JEL CERUCYRIT.
  6964 | Ossuary  | 6964 ||| DRINKING 2 metallic ruby potions.
  6965 | Ossuary  | 6965 ||| DROPPING scroll of immolation.
  6980 | D:7      | 6980 ||| PLANNING D:1-11
  7007 | D:7      | Found a stormy altar of Qazlal.
  7012 | D:7      | 7012 ||| Stepping ~*~*~tactically~*~*~ (stealth).
  7016 | D:7      | 7016 ||| Stepping ~*~*~tactically~*~*~ (stealth).
  7020 | D:7      | 7020 ||| Stepping ~*~*~tactically~*~*~ (hiding).
  7033 | D:7      | Reached skill level 10 in Axes
  7048 | D:7      | 7048 ||| DROPPING -2 morningstar.
  7194 | D:7      | Found an iron altar of Okawaru.
  7195 | D:7      | 7195 ||| PLANNING OKAWARU WORSHIP
  7195 | D:7      | 7195 ||| READING 4 scrolls of identify.
  7195 | D:7      | 7195 ||| IDENTIFYING yellow potion
  7196 | D:7      | 7196 ||| READING 3 scrolls of identify.
  7196 | D:7      | 7196 ||| IDENTIFYING grey potion
  7197 | D:7      | 7197 ||| READING 2 scrolls of identify.
  7197 | D:7      | 7197 ||| IDENTIFYING metallic emerald potion
  7198 | D:7      | 7198 ||| DROPPING potion of flight.
  7199 | D:7      | 7199 ||| DROPPING potion of degeneration.
  7207 | D:7      | Became a worshipper of Warmaster Okawaru
  7207 | D:7      | 7207 ||| PLANNING D:1-11
  7377 | D:7      | 7377 ||| DROPPING ring of wizardry.
  7418 | D:8      | Found a flagged portal.
  7485 | D:8      | 7485 ||| READING scroll of enchant weapon.
  7485 | D:8      | 7485 ||| ENCHANTING +1 war axe of draining.
  7535 | D:8      | Reached XP level 10. HP: 63/63 MP: 10/10
  7609 | D:8      | 7609 ||| READING scroll of brand weapon.
  7609 | D:8      | 7609 ||| BRANDING +2 war axe of draining.
  7633 | D:8      | 7633 ||| Stepping ~*~*~tactically~*~*~ (stealth).
  7780 | D:8      | Reached * piety under Okawaru
  8012 | D:8      | Reached skill level 1 in Invocations
  8096 | D:8      | 8096 ||| Stepping ~*~*~tactically~*~*~ (hiding).
  8098 | D:8      | 8098 ||| INVOKING Heroism.
  8155 | D:8      | 8155 ||| DRINKING 2 viscous orange potions.
  8156 | D:8      | 8156 ||| DRINKING 7 potions of curing.
  8156 | D:8      | 8156 ||| (to cure confusion)
  8157 | D:8      | 8157 ||| DROPPING potion of ambrosia.
  8198 | D:9      | 8198 ||| INVOKING Heroism.
  8343 | D:9      | 8343 ||| Stepping ~*~*~tactically~*~*~ (hiding).
  8344 | D:9      | 8344 ||| Stepping ~*~*~tactically~*~*~ (hiding).
  8349 | D:9      | 8349 ||| INVOKING Heroism.
  8417 | D:9      | Identified the +7 long sword of Cheibriados's Outrage
                  | {elec, Will+ SInv}
  8525 | D:9      | 8525 ||| INVOKING Heroism.
  8527 | D:9      | 8527 ||| Stepping ~*~*~tactically~*~*~ (hiding).
  8533 | D:9      | 8533 ||| DRINKING 7 potions of curing.
  8533 | D:9      | 8533 ||| (to cure confusion)
  8537 | D:9      | 8537 ||| DRINKING 6 potions of curing.
  8537 | D:9      | 8537 ||| (to cure confusion)
  8551 | D:9      | 8551 ||| INVOKING Heroism.
  8579 | D:9      | 8579 ||| INVOKING Heroism.
  8671 | D:9      | 8671 ||| Stepping ~*~*~tactically~*~*~ (stealth).
  8789 | D:9      | 8789 ||| Stepping ~*~*~tactically~*~*~ (stealth).
  8791 | D:9      | 8791 ||| INVOKING Heroism.
  8824 | D:9      | 8824 ||| READING 2 scrolls of identify.
  8824 | D:9      | 8824 ||| IDENTIFYING murky inky potion
  8836 | D:9      | 8836 ||| Stepping ~*~*~tactically~*~*~ (hiding).
  8846 | D:9      | 8846 ||| Stepping ~*~*~tactically~*~*~ (stealth).
  8852 | D:9      | 8852 ||| Stepping ~*~*~tactically~*~*~ (hiding).
  8941 | D:9      | Reached skill level 11 in Axes
  8948 | D:9      | Reached skill level 3 in Invocations
  8990 | D:9      | Found Dutzont's General Store.
  8998 | D:9      | 8998 ||| SHOPLISTING +2 eveningstar of venom (330 gold,
                  | have 270).
  8998 | D:9      | 8998 ||| BUYING potion of heal wounds (55 gold).
  8998 | D:9      | Bought a potion of heal wounds for 55 gold pieces
  8998 | D:9      | 8998 ||| SHOPLISTING scroll of acquirement (572 gold, have
                  | 215).
  8998 | D:9      | 8998 ||| BUYING wand of digging (3) (138 gold).
  8998 | D:9      | Bought a wand of digging (3) for 138 gold pieces
  9031 | D:9      | 9031 ||| INVOKING Heroism.
  9038 | D:9      | Reached XP level 11. HP: 68/68 MP: 10/14
  9071 | D:9      | 9071 ||| Stepping ~*~*~tactically~*~*~ (hiding).
  9246 | D:9      | Found a snail-covered altar of Cheibriados.
  9518 | D:10     | Entered Level 10 of the Dungeon
  9519 | D:10     | Noticed Snorg
  9520 | D:10     | 9520 ||| INVOKING Heroism.
  9534 | D:10     | HP: 16/68 [Snorg (2)]
  9535 | D:10     | 9535 ||| READING 3 scrolls of teleportation.
  9535 | D:10     | HP: 7/68 [Snorg (10)]
  9535 | D:10     | Mangled by Snorg

Levels and vault maps discovered:
D:1:      lightli_arrival_flooded_house, layout_basic, minmay_hexomino_c4
D:2:      layout_loops_ring, serial_shops, nicolae_shop_crystal,
          serial_co_window_serial, co_window_corner_a, co_window_paths_a,
          co_window_of_opportunity_a, co_window_of_opportunity_a,
          co_window_corner_a, co_window_of_opportunity_b,
          co_window_unsneaky_path_a, co_window_cross_2, co_window_broadway_b,
          co_window_broadway_a, co_window_unsneaky_path_a, co_window_broadway_c,
          glass_columns_b, glass_columns_a, glass_columns_c, glass_columns_c,
          glass_columns_b, uniq_jessica
D:3:      layout_loops_ring, led_sif_pool, mainiacjoe_overflow_catch_the_wave,
          uniq_robin
D:4:      minmay_evil_eye, layout_basic, overflow_temple_1_default,
          elyvilon_altar_4, lemuel_crystal_altar, serial_shops, shop_statue,
          hangedman_abyss_or_decor_stabs, uniq_pikel, uniq_eustachio,
          uniq_menkaure, uniq_blork_the_orc, uniq_sigmund
D:5:      old_forge, layout_basic, nicolae_wu_jian_immortal_techniques,
          kennysheep_mini_moat, minmay_temple_entry_grid,
          minmay_guarded_unrand_staff_of_olgreb
D:6:      layout_basic, makhleb_altar_promises_db, serial_shops, shop,
          nicolae_shop_stone, nicolae_diamond_shop, portal_sewer_entry_e,
          uniq_prince_ribbit1, uniq_crazy_yiuf_cottage
D:7:      layout_gridville, tso_metal_star, grunt_qazlal_clouds,
          okawaru_gym_becter, enter_ossuary_4, hangedman_decor_push
D:8:      layout_gridville, enter_bailey_2
D:9:      layout_layer_cave, slow_altar_2, erik_orc_2, serial_shops, shop,
          item_on_display_a
D:10:     layout_small_grid, nicolae_shop_gadgets, uniq_snorg
Temple:   nicolae_temple_cloud_nine

Skill      XL: |  1  2  3  4  5  6  7  8  9 10 11 |
---------------+----------------------------------+-----
Axes           | 2 3 4 5 7 8 10 11 | 11.0
Throwing       | 1 2 |  2.0
Fighting       | 4 6 7 8 |  8.1
Armour         | 4 5 6 7 8 |  8.0
Dodging        | 1 |  1.2
Shields        | 4 5 |  5.2
Invocations    | 4 |  4.1

Action                     |  1- 3 |  4- 6 |  7- 9 | 10-12 || total
---------------------------+-------+-------+-------+-------++-------
  Melee: War axe           |   128 |   121 |   312 |   231 ||   792
  Throw: Boomerang         |       |    26 |    85 |    36 ||   147
         Javelin           |       |     6 |    28 |       ||    34
 Invoke: Heroism           |       |       |       |     9 ||     9
    Use: Scroll            |     5 |     9 |     9 |     3 ||    26
         Potion            |       |     3 |     1 |     4 ||     8
   Stab: Distracted        |       |       |     1 |       ||     1
 Armour: Scale mail        |    64 |    38 |       |       ||   102
         Plate armour      |       |    37 |   146 |   184 ||   367
  Dodge: Dodged            |    59 |    37 |    90 |   148 ||   334
  Block: Buckler           |    25 |    28 |    62 |    46 ||   161

Table legend:
 A = Non-vault XP
 B = Vault XP
 C = Vault XP percentage of total XP
 D = Non-vault monster count
 E = Vault monster count
 F = Vault count percentage of total count
                 A         B        C        D         E       F
            +---------+---------+-------+---------+---------+-------
      Total |    6013 |    3367 |  35.9 |     170 |     110 |  39.3
            +---------+---------+-------+---------+---------+-------
        D:1 |      35 |      11 |  23.9 |      22 |       7 |  24.1
        D:2 |      29 |      37 |  56.1 |      10 |       1 |   9.1
        D:3 |     138 |      32 |  18.8 |      18 |      11 |  37.9
        D:4 |     164 |    1466 |  89.9 |      19 |      11 |  36.7
        D:5 |     268 |     525 |  66.2 |       9 |      11 |  55.0
        D:6 |     753 |     314 |  29.4 |      21 |       9 |  30.0
        D:7 |     597 |       2 |   0.3 |      12 |       2 |  14.3
        D:8 |    1195 |       0 |   0.0 |      31 |       0 |   0.0
        D:9 |    2834 |     716 |  20.2 |      28 |      19 |  40.4
    Ossuary |       0 |     264 | 100.0 |       0 |      39 | 100.0
            +---------+---------+-------+---------+---------+-------
